 Dungeon Crawl Stone Soup version 0.23.2-1-ga50397a (webtiles) character file.

Game seed: 2395349275360094967

1026 troglodite the Shield-Bearer (level 8, 0/61 HPs)
             Began as a Demonspawn Fighter on May 14, 2019.
             Was an Initiate of Dithmenos.
             Slain by Duvessa
             ... wielding a +0 short sword
              (6 damage)
             ... on level 5 of the Dungeon.
             The game lasted 00:14:29 (4671 turns).

troglodite the Shield-Bearer (Demonspawn Fighter)   Turns: 4671, Time: 00:14:29

Health: 0/61       AC: 12    Str: 22    XL:     8   Next: 2%
Magic:  8/8        EV:  4    Int:  9    God:    Dithmenos [......]
Gold:   323        SH: 15    Dex: 15    Spells: 7/7 levels left

rFire    + . .     SeeInvis .   r - +1 spear (freeze)
rCold    . . .     Gourm    .   k - +0 large shield
rNeg     . . .     Faith    .   e - +0 chain mail
rPois    +         Spirit   .   (no helmet)
rElec    .         Reflect  .   (no cloak)
rCorr    .         Harm     .   (no gloves)
MR       .....                  (no boots)
Stlth    ..........             (no amulet)
HPRegen  0.20/turn              l - ring of poison resistance
MPRegen  0.11/turn              (no ring)

@: mighty
A: hooves 1, thin metallic scales 2, demonic guardian 1, fire resistance 1
a: Renounce Religion


You were on level 5 of the Dungeon.
You worshipped Dithmenos.
Dithmenos was noncommittal.
You were very hungry.

You visited 2 branches of the dungeon, and saw 6 of its levels.

You collected 323 gold pieces.

Inventory:

Hand Weapons
 a - a +0 long sword
 r - a +1 spear of freezing (weapon)
Armour
 e - a +0 chain mail (worn)
 k - a +0 large shield (worn)
Jewellery
 b - a +5 ring of strength {unknown}
 l - a ring of poison resistance (left hand)
Wands
 t - a wand of paralysis (5)
 u - a wand of flame (16)
 v - a wand of random effects (21)
Scrolls
 c - 2 scrolls of blinking {unknown}
 g - 2 scrolls of enchant armour {unknown}
 h - 3 scrolls of magic mapping {unknown}
 j - 7 scrolls of identify {unknown}
 n - a scroll of teleportation {unknown}
 p - a scroll of fear {unknown}
 q - 2 scrolls of remove curse {unknown}
 y - a scroll of enchant weapon {unknown}
Potions
 i - 4 potions of curing {unknown}
 m - a potion of haste {unknown}
 o - a potion of lignification {unknown}
 s - a potion of invisibility {unknown}
 w - 2 potions of heal wounds {unknown}
 x - a potion of cancellation {unknown}
Comestibles
 f - 10 rations


   Skills:
 * Level 4.9 Fighting
 + Level 3.4 Long Blades
 + Level 2.2 Polearms
 * Level 4.7 Armour
 * Level 5.8 Shields


You had 7 spell levels left.
You didn't know any spells.
Your spell library contained the following spells:

 Spells                   Type           Power        Failure   Level  Hunger
 Magic Dart               Conj           #...         100%        1    ##.....
 Searing Ray              Conj           #.....       100%        2    ###....
 Dazzling Spray           Conj/Hex       #.....       100%        3    ####...
 Force Lance              Conj/Tloc      #.......     100%        4    #####..
 Fulminant Prism          Conj/Hex       #.........   100%        4    #####..
 Iskenderun's Mystic Bla  Conj           #.......     100%        4    #####..


Dungeon Overview and Level Annotations

Branches:
Dungeon (5/15)             Temple (1/1) D:4

Altars:
Ashenzari
Cheibriados
Dithmenos
Elyvilon
Fedhas
Hepliaklqana
Kikubaaqudgha
Makhleb
Nemelex Xobeh
Okawaru
Qazlal
Sif Muna
Trog
Uskayaw
Wu Jian
Xom
Yredelemnul
Zin

Shops:
D:4 ([*}(

Annotations:
D:5 Duvessa


Innate Abilities, Weirdness & Mutations

You have large cloven feet.
You are mostly covered in thin metallic scales. (AC +3)
A weak demonic guardian rushes to your aid.
Your flesh is heat resistant. (rF+)


Message History

Duvessa is almost dead.
You block Duvessa's attack. Duvessa hits you with a +0 short sword!
You hit Duvessa but do no damage. You kick Duvessa, but do no damage.
Duvessa is almost dead.
Duvessa hits you but does no damage.
Your shield and chain mail prevent you from hitting Duvessa.
Your kick misses Duvessa.
Duvessa is almost dead.
Duvessa hits you with a +0 short sword.
* * * LOW HITPOINT WARNING * * *
You block Duvessa's attack.
You hit Duvessa but do no damage. You kick Duvessa, but do no damage.
Duvessa is almost dead.
Duvessa hits you with a +0 short sword.
* * * LOW HITPOINT WARNING * * *
Duvessa hits you with a +0 short sword!
* * * LOW HITPOINT WARNING * * *
You feel very mighty all of a sudden. Duvessa hits you with a +0 short sword.
You die...

#..............................##
#..#########..######.#######.#.##
#..# #..# #.# ...... #(.# #..#
#<# .#..... #..# #..# #.#
#.#....# #..###### #..# #.# #
#..#.. #.......# #..# #.#####
##.... ...####.# #..######....>.
.. . .....##.# #..).@e........
...#.##.# ##.############
#.##.##.# #..# #.##.##.# ##.#
#.##.##.# #.# #.##.##.# #.#
#.......# #.# #.##.#### #.#
#.#...# #.#


You could see Duvessa (berserk).

Vanquished Creatures
  An ogre (D:4)
  A centaur (D:4)
  A hound (D:5)
  2 orc wizards (D:4)
  Ijyb (D:3)
  An iguana (D:5)
  2 worker ants
  A howler monkey zombie (D:5)
  9 adders
  A shadow imp (D:5)
  An ooze (D:2)
  2 adder zombies (D:5)
  An adder skeleton (D:4)
  2 worms
  A dart slug (D:2)
  5 leopard geckos
  17 orcs
  3 giant cockroaches
  4 goblins
  6 hobgoblins
  11 jackals
  3 kobolds
  2 quokkas
  3 ball pythons
  5 bats
  4 frilled lizards
  A quokka zombie (D:5)
  3 rats
94 creatures vanquished.

Vanquished Creatures (collateral kills)
  Pikel (D:4)
  A slave (D:4)
  Dowan (D:5)
  A howler monkey (D:4)
  An orc priest (D:4)
  An orc wizard (D:4)
  Jessica (D:2)
  2 orcs (D:4)
  A hobgoblin (D:2)
  A quokka (D:4)
  A frilled lizard (D:4)
12 creatures vanquished.

Vanquished Creatures (others)
  A leopard gecko (D:4)
1 creature vanquished.

Grand Total: 107 creatures vanquished

Notes
Turn   | Place    | Note
-------+----------+-------------------------------------------
     0 | D:1      | troglodite the Demonspawn Fighter began the quest for the
                  | Orb.
     0 | D:1      | Reached XP level 1. HP: 18/18 MP: 1/1
   497 | D:1      | Gained mutation: A weak demonic guardian rushes to your
                  | aid. [demonic ancestry]
   497 | D:1      | Reached XP level 2. HP: 23/24 MP: 2/2
   748 | D:2      | Noticed Jessica
   753 | D:2      | Killed Jessica
   753 | D:2      | Reached skill level 3 in Shields
   753 | D:2      | Gained mutation: You are partially covered in thin metallic
                  | scales. (AC +2) [demonic ancestry]
   753 | D:2      | Reached XP level 3. HP: 29/29 MP: 3/3
  1115 | D:2      | Reached XP level 4. HP: 30/35 MP: 4/4
  1696 | D:3      | Reached skill level 4 in Shields
  1753 | D:3      | Noticed Ijyb
  1754 | D:3      | Paralysed by Ijyb for 2 turns
  1796 | D:3      | Killed Ijyb
  1796 | D:3      | Reached XP level 5. HP: 41/41 MP: 5/5
  2326 | D:4      | Found Jumug's Antique Weapon Emporium.
  2347 | D:4      | Found Qystryuma's Gadget Emporium.
  2350 | D:4      | Noticed a slave
  2351 | D:4      | Noticed Pikel
  2352 | D:4      | Noticed a slave
  2352 | D:4      | Noticed a slave
  2352 | D:4      | Noticed a slave
  2382 | D:4      | Killed a slave
  2418 | D:4      | Killed Pikel
  2418 | D:4      | Reached skill level 1 in Polearms
  2418 | D:4      | Reached skill level 5 in Shields
  2418 | D:4      | Gained mutation: You have large cloven feet. [demonic
                  | ancestry]
  2418 | D:4      | Reached XP level 6. HP: 7/48 MP: 6/6
  2418 | D:4      | Gained mutation: You are mostly covered in thin metallic
                  | scales. (AC +3) [demonic ancestry]
  2418 | D:4      | Reached XP level 7. HP: 8/54 MP: 7/7
  2725 | D:4      | Found Miasaxza's General Store.
  2745 | D:4      | Found Yris's Armour Boutique.
  2928 | D:4      | Found a white marble altar of Elyvilon.
  3257 | D:4      | Found a staircase to the Ecumenical Temple.
  3441 | D:4      | Found Ucvazug's Weapon Shop.
  3614 | Temple   | Entered the Ecumenical Temple
  3853 | Temple   | Became a worshipper of Dithmenos the Shadowed
  3921 | D:5      | Entered Level 5 of the Dungeon
  4153 | D:5      | Gained mutation: Your flesh is heat resistant. (rF+)
                  | [demonic ancestry]
  4153 | D:5      | Reached XP level 8. HP: 43/61 MP: 8/8
  4310 | D:5      | Found a hazy altar of Hepliaklqana.
  4484 | D:5      | Got a scorched dagger
  4624 | D:5      | Noticed Dowan
  4625 | D:5      | Noticed Duvessa
  4660 | D:5      | Killed Dowan
  4671 | D:5      | Slain by Duvessa

Skill      XL: |  1  2  3  4  5  6  7 |
---------------+----------------------+-----
Long Blades    | 2 3 |  3.4
Armour         | 3 4 |  4.7
Shields        | 3 4 5 |  5.8
Fighting       | 4 |  4.9
Polearms       | 1 2 |  2.2

Action                   |  1- 3 |  4- 6 |  7- 9 || total
-------------------------+-------+-------+-------++-------
Melee: Long sword        |   107 |   140 |       ||   247
       Spear             |       |    61 |   212 ||   273
       Kick              |       |       |    62 ||    62
  Use: Potion            |       |       |     1 ||     1
  Eat: Chunk             |     1 |     4 |     7 ||    12
Armor: Chain mail        |    77 |   112 |    60 ||   249
Dodge: Dodged            |    17 |    18 |    13 ||    48
Block: Shield            |    14 |       |       ||    14
       Large shield      |    81 |   156 |   122 ||   359
       Rpst.: Long sword |    10 |     5 |       ||    15
